 Dungeon Crawl Stone Soup version 0.20.1-1-g8b1a95d (webtiles) character file.

411 Klein the Cudgeler (level 6, 0/39 HPs)
             Began as a Gargoyle Berserker on Nov 4, 2017.
             Was a Priest of Trog.
             Slain by an orc wizard
             ... wielding a +0 dagger
              (4 damage)
             ... on level 4 of the Dungeon.
             The game lasted 00:09:08 (3544 turns).

Klein the Cudgeler (Gargoyle Berserker)             Turns: 3544, Time: 00:09:09

Health: 0/39       AC: 12    Str: 20    XL:     6   Next: 90%
Magic:  6/6        EV: 12    Int:  8    God:    Trog [***...]
Gold:   264        SH:  0    Dex: 11    Spells: 5/5 levels left

rFire    + . .     SeeInvis .   u - +2 mace (holy)
rCold    + . .     Gourm    .   (no shield)
rNeg     + . .     Faith    .   s - +0 ring mail (curse)
rPois    ∞         Spirit   .   v - +1 helmet
rElec    +         Reflect  .   t - scarf {rC+ rF+}
rCorr    .         Harm     .   (no gloves)
MR       .....                  (no boots)
Stlth    +.........             (no amulet)
Regen    0.2/turn               a - ring of wizardry
MPRegen  0.1/turn               (no ring)

@: berserk cooldown
A: negative energy resistance 1, electricity resistance, unbreathing,
petrification resistance, rot immunity, AC +4
a: Berserk, Trog's Hand, Burn Spellbooks, Renounce Religion


You were on level 4 of the Dungeon.
You worshipped Trog.
Trog was most pleased with you.
You were not hungry.

You visited 1 branch of the dungeon, and saw 4 of its levels.

You collected 264 gold pieces.

Inventory:

Hand Weapons
 u - a +2 mace of holy wrath (weapon)
Armour
 o - a cursed +0 scale mail
 s - a cursed +0 ring mail (worn)
 t - a scarf of resistance (worn)
 v - a +1 helmet (worn)
Jewellery
 a - a ring of wizardry (left hand)
Scrolls
 b - a scroll of enchant weapon {unknown}
 d - 2 scrolls of recharging {unknown}
 k - a scroll of remove curse {unknown}
 m - 4 scrolls of identify {unknown}
 y - a scroll of teleportation {unknown}
Potions
 e - a potion of agility
 f - 2 potions of haste
 g - a potion of curing {unknown}
 h - 2 potions of degeneration {unknown}
 j - 3 potions of brilliance {unknown}
 n - a potion of might {unknown}
 p - 3 potions of flight {unknown}
 w - 2 potions of resistance {unknown}
 x - a potion of berserk rage {unknown}
 z - a potion of lignification {unknown}
Comestibles
 c - 3 bread rations
 i - 3 meat rations
 l - 5 royal jellies
 q - a chunk of flesh
 r - 4 fruits


   Skills:
 + Level 4.5 Fighting
 * Level 5.5 Maces & Flails
 + Level 4.0 Armour
 + Level 2.7 Dodging


You had 5 spell levels left.
You didn't know any spells.

Dungeon Overview and Level Annotations

Branches:
Dungeon (4/15)
 Temple: D:4-7

Altars:


Innate Abilities, Weirdness & Mutations

You are resistant to torment.
Your stone body is resilient. (AC +4)
You are immune to poison.
You resist negative energy. (rN+)
You are resistant to electric shocks. (rElec)
You can survive without breathing.
You are immune to petrification.
You are immune to rotting.


Message History

You barely miss the orc priest.
The orc priest is heavily wounded.
The orc wizard hits you but does no damage.
The orc priest hits you but does no damage.
You hit the orc priest.
The orc priest is severely wounded.
The orc wizard barely misses you.
The orc wizard hits you but does no damage. x2
The orc priest hits you but does no damage.
The orc wizard hits you but does no damage.
You hit the orc priest but do no damage.
The orc priest is severely wounded.
The orc wizard casts a spell at you. The magic dart hits you!
* * * LOW HITPOINT WARNING * * *
The orc wizard hits you but does no damage.
The orc priest hits you with a mace.
* * * LOW HITPOINT WARNING * * *
The orc wizard hits you with a dagger.
You die...

....# #. . .
#.### #. .#. .#
#######. #..
#.# ..>.)...
#.# #..
........ #.#
#.# ######## #
#.# #.# #
##.##.#.## #.#
#
.......@o####.#
#
......oo......#
##
....#.#######.#
####. ... #.
#.# ##.... . #
#.#####...#.
#...........
#######...##
.........##
##########


You could see an orc priest and 2 orc wizards.

Vanquished Creatures
  An ogre (D:4)
  The ghost of Anon1729 the Sneak, an amateur OpFE (D:3)
  A scorpion (D:4)
  2 worker ants
  Robin (D:2)
  3 adders (D:2)
  A gnoll (D:2)
  6 worms
  A dart slug (D:1)
  7 leopard geckos
  3 orcs
  2 ball pythons
  8 bats
  4 giant cockroaches
  14 goblins
  10 hobgoblins
  4 jackals
  A quokka (D:2)
  4 frilled lizards
  6 kobolds
  5 rats
85 creatures vanquished.

Notes
Turn   | Place    | Note
-------+----------+-------------------------------------------
     0 | D:1      | Klein the Gargoyle Berserker began the quest for the Orb.
     0 | D:1      | Reached XP level 1. HP: 14/14 MP: 1/1
   405 | D:1      | Reached XP level 2. HP: 18/19 MP: 2/2
  1282 | D:1      | Reached XP level 3. HP: 23/23 MP: 3/3
  1695 | D:2      | Reached skill level 4 in Maces & Flails
  1766 | D:2      | Reached ** piety under Trog
  1766 | D:2      | Reached XP level 4. HP: 29/29 MP: 4/4
  1998 | D:2      | Noticed Robin
  2015 | D:2      | Killed Robin
  2022 | D:2      | Reached XP level 5. HP: 21/33 MP: 5/5
  2685 | D:3      | Reached *** piety under Trog
  2928 | D:3      | Noticed Anon1729's ghost (amateur OpFE)
  2933 | D:3      | Killed Anon1729's ghost
  2933 | D:3      | Reached skill level 5 in Maces & Flails
  2933 | D:3      | Reached XP level 6. HP: 38/38 MP: 6/6
  3544 | D:4      | Slain by an orc wizard

Skill      XL: |  1  2  3  4  5  6 |
---------------+-------------------+-----
Maces & Flails | 4 5 |  5.5
Dodging        | 2 |  2.7
Armour         | 3 4 |  4.0
Fighting       | 4 |  4.5

Action                   |  1- 3 |  4- 6 || total
-------------------------+-------+-------++-------
Melee: Mace              |   115 |   167 ||   282
Invok: Berserk           |     3 |     4 ||     7
 Stab: Sleeping          |     1 |       ||     1
  Eat: Chunk             |     4 |    11 ||    15
Armor: Animal skin       |    62 |    13 ||    75
       Ring mail         |       |    64 ||    64
Dodge: Dodged            |   110 |    86 ||   196
